[Event "Chinese Team-ch Men 2025"]
[Site "Zhang Jiakou Hebei"]
[Date "2025.04.25"]
[Round "1.23"]
[White "Meng, Yihan"]
[Black "Wu, Kaige"]
[Result "1-0"]
[Annotator "ChessBase"]
[ECO "B52"]
[WhiteElo "2433"]
[BlackElo "1753"]
[PlyCount "103"]
[EventDate "2025.04.26"]
[EventType "team-tourn"]
[EventCountry "CHN"]
[SourceTitle "playchess.com"]
[Source "ChessBase"]
[SourceQuality "1"]
[TimeControl "5400+30"]

1. e4 c5 2. Nf3 d6 3. Bb5+ Bd7 4. c4 Nf6 5. Nc3 g6 6. d4 cxd4 7. Nxd4 Bg7 8. Be3 O-O 9. h3 a6 10. Bxd7 Nbxd7 11. Rc1 Rc8 12. Qe2 Nc5 13. f3 Nh5 14. Qd2 Ng3 15. Rg1 Be5 16. Nde2 Nxe2 17. Kxe2 Bg7 18. Rgd1 Qe8 19. Bh6 Bxh6 20. Qxh6 f5 21. exf5 Rxf5 22. Kf1 Qf7 23. Kg1 Ne6 24. Nd5 Nf4 25. Kh2 Rf8 26. Nxf4 Rxf4 27. Qg5 Kg7 28. Re1 e5 29. c5 Rf5 30. Qg3 dxc5 31. Rxc5 Qxa2 32. Rexe5 Rf4 33. Re7+ R8f7 34. Qxf4 Rxe7 35. Qd4+ Kf7 36. Qh8 h5 37. Rc8 Qa4 38. Qh7+ Kf6 39. Rf8+ Ke6 40. Qxg6+ Kd7 41. Qd3+ Ke6 42. Qg6+ Kd7 43. Qb6 Qc6 44. Rd8+ Ke6 45. Qe3+ Kf7 46. Qf4+ Kg6 47. Rd6+ Re6 48. Rxc6 Rxc6 49. Qb4 Kf6 50. Qxb7 Re6 51. h4 Ke5 52. Qf7 1-0

[Event "Chinese Team-ch Men 2025"]
[Site "Zhang Jiakou Hebei"]
[Date "2025.04.25"]
[Round "1.25"]
[White "Ma, Lin"]
[Black "Xu, Yinglun"]
[Result "0-1"]
[Annotator "RC"]
[ECO "B31"]
[WhiteElo "2221"]
[BlackElo "2522"]
[PlyCount "58"]
[EventDate "2025.04.26"]
[EventType "team-tourn"]
[EventCountry "CHN"]
[SourceTitle "playchess.com"]
[Source "ChessBase"]
[SourceQuality "1"]
[TimeControl "5400+30"]

1. e4 c5 2. Nf3 Nc6 3. Bb5 g6 4. Bxc6 bxc6 5. O-O Bg7 6. Re1 Qc7 7. e5 f6 8. d4 cxd4 9. Bf4 fxe5 10. Bxe5 Bxe5 11. Nxe5 d6 12. Nf3 Nf6 13. Nxd4 O-O 14. Ne6 Bxe6 15. Rxe6 Nd5 16. Nc3 Nf4 17. Re3 e5 18. Qg4 Rf7 19. Ne2 Nd5 20. Rf3 Nf6 21. Qh4 Raf8 22. c4 Qb6 23. b3 Qa5 24. Rd3 d5 25. Kh1 Ne4 26. Rf3 Qd2 27. Rxf7 Rxf7 28. Ng3 Qd4 29. Qd8+ Rf8 0-1

[Event "Chinese Team-ch Men 2025"]
[Site "Zhang Jiakou Hebei"]
[Date "2025.04.25"]
[Round "1.26"]
[White "Zhao, Chenxi"]
[Black "Sun, Chao"]
[Result "1-0"]
[Annotator "ChessBase"]
[ECO "C41"]
[WhiteElo "2453"]
[BlackElo "2211"]
[PlyCount "57"]
[EventDate "2025.04.26"]
[EventType "team-tourn"]
[EventCountry "CHN"]
[SourceTitle "playchess.com"]
[Source "ChessBase"]
[SourceQuality "1"]
[TimeControl "5400+30"]

1. e4 d6 2. d4 Nf6 3. Nc3 e5 4. Nf3 Nbd7 5. Bc4 Be7 6. O-O O-O 7. Re1 c6 8. a4 a5 9. h3 h6 10. Be3 Re8 11. d5 Nb6 12. Nd2 Bd7 13. Qe2 Rb8 14. Bb3 Qc7 15. Rad1 cxd5 16. exd5 Rec8 17. f4 exf4 18. Bxf4 Bf8 19. Qf2 Re8 20. Be3 Nc8 21. Bxh6 gxh6 22. Qxf6 Bg7 23. Qh4 Rxe1+ 24. Rxe1 Nb6 25. Nde4 Kf8 26. Nf6 Bf5 27. Rf1 Bg6 28. Nb5 Qe7 29. Nd4 1-0

[Event "Chinese Team-ch Men 2025"]
[Site "Zhang Jiakou Hebei"]
[Date "2025.04.25"]
[Round "1.29"]
[White "Chen, Hongsen"]
[Black "Yu, Shi"]
[Result "1/2-1/2"]
[Annotator "ChessBase"]
[ECO "E12"]
[WhiteElo "2402"]
[BlackElo "1973"]
[PlyCount "63"]
[EventDate "2025.04.26"]
[EventType "team-tourn"]
[EventCountry "CHN"]
[SourceTitle "playchess.com"]
[Source "ChessBase"]
[SourceQuality "1"]
[TimeControl "5400+30"]

1. d4 Nf6 2. c4 e6 3. Nf3 b6 4. a3 Bb7 5. Nc3 d5 6. Qa4+ Nbd7 7. cxd5 Nxd5 8. Nxd5 Bxd5 9. Qc2 c5 10. e4 Bb7 11. Bb5 a6 12. Bg5 f6 13. Bxd7+ Qxd7 14. Be3 cxd4 15. Bxd4 Rc8 16. Qe2 b5 17. O-O e5 18. Bc3 Bc5 19. Rad1 Qe6 20. Rd3 O-O 21. Rfd1 Qg4 22. Re1 Rfd8 23. h3 Qe6 24. Red1 Rxd3 25. Rxd3 Qb6 26. b4 Bf8 27. Qa2+ Kh8 28. Nd2 Qc7 29. Qe6 Rd8 30. Rxd8 Qxd8 31. f3 Qd6 32. Qxd6 1/2-1/2

[Event "Chinese Team-ch Men 2025"]
[Site "Zhang Jiakou Hebei"]
[Date "2025.04.25"]
[Round "1.30"]
[White "Liu, Huaqi"]
[Black "Jin, Hongtao"]
[Result "1/2-1/2"]
[Annotator "ChessBase"]
[ECO "A14"]
[WhiteElo "1816"]
[BlackElo "2343"]
[PlyCount "191"]
[EventDate "2025.04.26"]
[EventType "team-tourn"]
[EventCountry "CHN"]
[SourceTitle "playchess.com"]
[Source "ChessBase"]
[SourceQuality "1"]
[TimeControl "5400+30"]

1. Nf3 Nf6 2. c4 e6 3. b3 d5 4. Bb2 Be7 5. g3 O-O 6. Bg2 c5 7. cxd5 Nxd5 8. O-O Nc6 9. Nc3 Bf6 10. Rc1 b6 11. d4 Nxd4 12. Nxd4 Bxd4 13. Nxd5 Bxb2 14. Rc2 exd5 15. Rxb2 Be6 16. Rd2 Qg5 17. h4 Qf5 18. Bxd5 Rae8 19. Bxe6 Rxe6 20. e3 h6 21. Rd5 Qe4 22. Qd3 Qxd3 23. Rxd3 b5 24. Rc1 Rc8 25. Rd5 Rec6 26. b4 cxb4 27. Rxc6 Rxc6 28. Rxb5 Rc1+ 29. Kg2 Rb1 30. a4 b3 31. a5 a6 32. Rb7 b2 33. Kf3 g6 34. Kf4 Kg7 35. Ke5 Ra1 36. Rxb2 Rxa5+ 37. Ke4 Rf5 38. g4 Ra5 39. Rb6 Ra4+ 40. Kf3 a5 41. Ra6 Kf8 42. Kg3 Ra1 43. f3 a4 44. Kf4 Kg7 45. e4 a3 46. g5 a2 47. Ra7 h5 48. Ra8 Kh7 49. Ra7 Kg8 50. Ra8+ Kg7 51. Ra7 Kf8 52. Ra8+ Ke7 53. Ra6 Kd7 54. Ra7+ Kd6 55. Ra5 Ke6 56. Ra6+ Ke7 57. Ra7+ Kf8 58. Ra6 Kg7 59. Ra7 Rh1 60. Rxa2 Rxh4+ 61. Kg3 Rh1 62. Kg2 Rc1 63. Ra5 Kf8 64. Kg3 Rg1+ 65. Kf2 Rd1 66. Kg3 Ke7 67. Ra7+ Ke6 68. Ra6+ Rd6 69. Ra7 Rb6 70. Kf4 Rb1 71. Ra6+ Ke7 72. Ra7+ Kf8 73. Rc7 Rg1 74. Ra7 Rg2 75. Ra8+ Kg7 76. Ra1 h4 77. Rh1 f6 78. gxf6+ Kxf6 79. Ke3 Kg5 80. Rc1 h3 81. Rc8 Ra2 82. Rh8 h2 83. Rh7 Rg2 84. Rh8 Rb2 85. Rh7 Ra2 86. Rh8 Rg2 87. Rh7 Ra2 88. Rh8 Rb2 89. Rh7 Rg2 90. Rh8 Kf6 91. f4 Kg7 92. Kf3 Ra2 93. Rh4 Kf6 94. Kg3 Re2 95. Rxh2 Rxe4 96. Ra2 1/2-1/2

[Event "Chinese Team-ch Men 2025"]
[Site "Zhang Jiakou Hebei"]
[Date "2025.04.25"]
[Round "1.31"]
[White "Yang, ZiLong"]
[Black "Liu, Junyi"]
[Result "1-0"]
[Annotator "ChessBase"]
[ECO "C84"]
[WhiteElo "2337"]
[BlackElo "1714"]
[PlyCount "65"]
[EventDate "2025.04.26"]
[EventType "team-tourn"]
[EventCountry "CHN"]
[SourceTitle "playchess.com"]
[Source "ChessBase"]
[SourceQuality "1"]
[TimeControl "5400+30"]

1. e4 e5 2. Nf3 Nc6 3. Bb5 a6 4. Ba4 Nf6 5. O-O Be7 6. d3 b5 7. Bb3 d6 8. a3 O-O 9. Nc3 Bg4 10. Be3 Na5 11. Ba2 c5 12. Nd5 Nxd5 13. Bxd5 Rc8 14. b4 Nc6 15. c3 Qc7 16. h3 Bxf3 17. Qxf3 Nb8 18. Rfc1 Nd7 19. Qe2 Nf6 20. c4 Nxd5 21. cxd5 Qb8 22. Rc2 Rc7 23. Rac1 Rfc8 24. f4 cxb4 25. axb4 Qb7 26. fxe5 dxe5 27. Bc5 Bg5 28. Ra1 f5 29. Rca2 Ra8 30. d6 Rf7 31. exf5 Rxf5 32. Qe4 Qc8 33. d7 1-0

[Event "Chinese Team-ch Men 2025"]
[Site "Zhang Jiakou Hebei"]
[Date "2025.04.25"]
[Round "1.32"]
[White "Fang, Zelong"]
[Black "Yu, Zechen"]
[Result "1/2-1/2"]
[Annotator "NA"]
[ECO "C78"]
[WhiteElo "1633"]
[BlackElo "2116"]
[PlyCount "314"]
[EventDate "2025.04.26"]
[EventType "team-tourn"]
[EventCountry "CHN"]
[SourceTitle "playchess.com"]
[Source "ChessBase"]
[SourceQuality "1"]
[TimeControl "5400+30"]

1. e4 e5 2. Nf3 Nc6 3. Bb5 a6 4. Ba4 Nf6 5. O-O b5 6. Bb3 Bc5 7. c3 d6 8. d4 Bb6 9. Bc2 Bg4 10. d5 Ne7 11. Be3 Ng6 12. Nbd2 O-O 13. h3 Bd7 14. a4 c6 15. axb5 Bxe3 16. fxe3 axb5 17. dxc6 Bxc6 18. Qe2 Qb6 19. Kh2 Qb7 20. Qd3 Rfd8 21. Rxa8 Qxa8 22. Bb3 h6 23. Ne1 Rd7 24. Qe2 Nxe4 25. Nxe4 Bxe4 26. Qxb5 Rb7 27. Qc4 d5 28. Qc6 Ne7 29. Qc5 Qc8 30. Qa3 Nf5 31. Rxf5 Bxf5 32. Bxd5 Rd7 33. e4 Be6 34. Bxe6 fxe6 35. Nf3 Qc6 36. Qa2 Kh7 37. b4 Rd3 38. Qe2 Rxc3 39. Nxe5 Qe8 40. Nf3 Qb8+ 41. e5 Qxb4 42. Qd2 Qc4 43. Ne1 Rb3 44. Nf3 Qe4 45. Qd1 Qf4+ 46. Kh1 Rc3 47. Qb1+ Qf5 48. Qd1 Rxf3 49. gxf3 Qxh3+ 50. Kg1 Qg3+ 51. Kf1 Qxe5 52. Qd7 Qd5 53. Qf7 Qf5 54. Qb7 e5 55. Ke2 h5 56. Qe7 Qf4 57. Qe8 Qh2+ 58. Ke3 Qf4+ 59. Ke2 g6 60. Qd7+ Kh6 61. Qc8 Qf6 62. Ke3 Qf4+ 63. Ke2 h4 64. Qh8+ Kg5 65. Qd8+ Qf6 66. Qc8 Kh5 67. Qg8 Qa6+ 68. Ke3 Qb6+ 69. Ke2 Kg5 70. Qh7 Qb2+ 71. Ke3 Qd4+ 72. Ke2 Qc4+ 73. Ke3 Qc5+ 74. Ke2 Qf8 75. Qd7 Qf5 76. Qd8+ Qf6 77. Qd7 Kh6 78. Qc8 Qd6 79. Qh8+ Kg5 80. Qc8 Qd4 81. Qc1+ Kf5 82. Qc8+ Kf6 83. Qf8+ Ke6 84. Qg8+ Kf6 85. Qf8+ Kg5 86. Qe7+ Kh6 87. Qf8+ Kh5 88. Qh8+ Kg5 89. Qc8 Qb2+ 90. Ke3 Qb6+ 91. Ke2 Qb2+ 92. Ke3 Qa3+ 93. Ke2 Qb4 94. Qd8+ Kf5 95. Qc8+ Kf6 96. Qh8+ Ke6 97. Qg8+ Kf5 98. Qc8+ Kf6 99. Qh8+ Ke6 100. Qg8+ Kd7 101. Qxg6 Qb2+ 102. Ke3 Qd4+ 103. Ke2 Qc4+ 104. Ke3 Qf4+ 105. Ke2 Qh2+ 106. Ke3 Qf4+ 107. Ke2 Ke7 108. Qg7+ Kd6 109. Qg6+ Kc5 110. Qh7 Qh2+ 111. Ke3 Qg1+ 112. Ke2 Qg2+ 113. Ke3 Qg5+ 114. Ke2 Qf6 115. Qc7+ Kd5 116. Qd7+ Qd6 117. Qb5+ Qc5 118. Qd3+ Qd4 119. Qb5+ Kd6 120. Qb8+ Kc5 121. Qf8+ Kc4 122. Qf5 Kc3 123. Qh5 Qd2+ 124. Kf1 Qh2 125. Qh8 h3 126. Qc8+ Kd2 127. Qd8+ Ke3 128. Qb6+ Kxf3 129. Qb3+ Kg4 130. Qg8+ Kf4 131. Qf7+ Ke4 132. Qc4+ Ke3 133. Qb3+ Ke4 134. Qc4+ Kf3 135. Qb3+ Kf4 136. Qf7+ Kg5 137. Qg8+ Kh4 138. Qh8+ Kg4 139. Qg8+ Kf5 140. Qf7+ Ke4 141. Qc4+ Ke3 142. Qb3+ Kd4 143. Qb4+ Kd5 144. Qb5+ Kd6 145. Qb6+ Ke7 146. Qc7+ Kf6 147. Qd8+ Kf5 148. Qf8+ Ke4 149. Qb4+ Kd5 150. Qb5+ Ke6 151. Qc6+ Kf5 152. Qc8+ Kf4 153. Qc4+ Kg3 154. Qg8+ Kh4 155. Qh7+ Kg5 156. Qg8+ Kf4 157. Qc4+ Ke3 1/2-1/2

[Event "Chinese Team-ch Men 2025"]
[Site "Zhang Jiakou Hebei"]
[Date "2025.04.25"]
[Round "1.33"]
[White "Fan, Yupan"]
[Black "Yu, Shaoteng"]
[Result "0-1"]
[Annotator "ChessBase"]
[ECO "C01"]
[WhiteElo "1527"]
[BlackElo "2480"]
[PlyCount "74"]
[EventDate "2025.04.26"]
[EventType "team-tourn"]
[EventCountry "CHN"]
[SourceTitle "playchess.com"]
[Source "ChessBase"]
[SourceQuality "1"]
[TimeControl "5400+30"]

1. d4 e6 2. e4 d5 3. exd5 exd5 4. Bd3 c5 5. c3 Nc6 6. Ne2 Bd6 7. Be3 c4 8. Bc2 Nf6 9. O-O O-O 10. Bf4 Bg4 11. f3 Bh5 12. Bxd6 Qxd6 13. Ng3 Rfe8 14. Nd2 b5 15. a3 a5 16. Kh1 b4 17. Ba4 Bg6 18. Bc2 bxc3 19. bxc3 Re3 20. Bxg6 hxg6 21. Qc2 Nh5 22. Nxh5 gxh5 23. Rfb1 Rae8 24. Nf1 Re2 25. Qf5 h4 26. Rb7 R8e7 27. Rb6 R7e6 28. Rab1 Re1 29. Rxe1 Rxe1 30. Kg1 Qe7 31. Rb2 Qe3+ 32. Rf2 Ne7 33. Qc2 Rc1 34. Qa4 Ng6 35. Qxa5 Rxf1+ 36. Kxf1 Qc1+ 37. Ke2 Nf4# 0-1

[Event "Chinese Team-ch Men 2025"]
[Site "Zhang Jiakou Hebei"]
[Date "2025.04.26"]
[Round "2.1"]
[White "Zhao, Jun"]
[Black "Xu, Yi"]
[Result "1/2-1/2"]
[Annotator "RC"]
[ECO "C42"]
[WhiteElo "2532"]
[BlackElo "2480"]
[PlyCount "60"]
[EventDate "2025.04.26"]
[EventType "team-tourn"]
[EventCountry "CHN"]
[SourceTitle "playchess.com"]
[Source "ChessBase"]
[SourceQuality "1"]
[TimeControl "5400+30"]

1. e4 e5 2. Nf3 Nf6 3. Nxe5 d6 4. Nf3 Nxe4 5. Bd3 Nf6 6. O-O Be7 7. h3 O-O 8. c3 Nbd7 9. Re1 d5 10. Bc2 Re8 11. d4 Bd6 12. Bg5 h6 13. Bh4 Rxe1+ 14. Qxe1 Nf8 15. Nbd2 Ng6 16. Bg3 Bxg3 17. fxg3 Nf8 18. g4 N6h7 19. Qg3 Be6 20. Nb3 b6 21. Re1 Qd7 22. g5 Nxg5 23. Nxg5 hxg5 24. Qxg5 Re8 25. Re3 f6 26. Qf4 Bf7 27. Rg3 Re1+ 28. Kh2 Qd6 29. Qxd6 cxd6 30. Rd3 Bh5 1/2-1/2

[Event "Chinese Team-ch Men 2025"]
[Site "Zhang Jiakou Hebei"]
[Date "2025.04.26"]
[Round "2.2"]
[White "Lou, Yiping"]
[Black "Xiao, Tong"]
[Result "1/2-1/2"]
[Annotator "RC"]
[ECO "E20"]
[WhiteElo "2464"]
[BlackElo "2496"]
[PlyCount "60"]
[EventDate "2025.04.26"]
[EventType "team-tourn"]
[EventCountry "CHN"]
[SourceTitle "playchess.com"]
[Source "ChessBase"]
[SourceQuality "1"]
[TimeControl "5400+30"]

1. d4 Nf6 2. c4 e6 3. Nc3 Bb4 4. e3 O-O 5. Bd2 b6 6. a3 Bxc3 7. Bxc3 Ne4 8. Qc2 Bb7 9. Nf3 d6 10. Be2 a5 11. b3 Nxc3 12. Qxc3 Nd7 13. O-O Qe7 14. b4 axb4 15. axb4 Rfb8 16. Rxa8 Rxa8 17. Ra1 Qd8 18. Nd2 Rxa1+ 19. Qxa1 Qa8 20. Qxa8+ Bxa8 21. f3 c5 22. dxc5 dxc5 23. b5 f5 24. f4 Kf7 25. Kf2 Nf6 26. h3 Ne4+ 27. Nxe4 Bxe4 28. h4 g6 29. g3 h5 30. Ke1 Ke8 1/2-1/2

[Event "Chinese Team-ch Men 2025"]
[Site "Zhang Jiakou Hebei"]
[Date "2025.04.26"]
[Round "2.3"]
[White "Huang, Renjie"]
[Black "Meng, Yihan"]
[Result "1/2-1/2"]
[Annotator "RC"]
[ECO "D27"]
[WhiteElo "2491"]
[BlackElo "2433"]
[PlyCount "64"]
[EventDate "2025.04.26"]
[EventType "team-tourn"]
[EventCountry "CHN"]
[SourceTitle "playchess.com"]
[Source "ChessBase"]
[SourceQuality "1"]
[TimeControl "5400+30"]

1. d4 d5 2. c4 dxc4 3. Nf3 Nf6 4. e3 e6 5. Bxc4 c5 6. O-O a6 7. e4 b5 8. Be2 Nxe4 9. a4 b4 10. Nbd2 Bb7 11. Nxe4 Bxe4 12. Be3 cxd4 13. Nxd4 Nc6 14. Bf3 Bxf3 15. Qxf3 Nxd4 16. Bxd4 Qd5 17. Qe3 Be7 18. Rfd1 Qg5 19. Qxg5 Bxg5 20. Bxg7 Rg8 21. Be5 Rc8 22. f4 Be7 23. Rac1 Rxc1 24. Rxc1 f6 25. Rc8+ Kf7 26. Rxg8 Kxg8 27. Bd4 f5 28. Kf2 Kf7 29. Ke3 Ke8 30. Kd3 Kd7 31. Kc4 Kc6 32. a5 b3 1/2-1/2

[Event "Chinese Team-ch Men 2025"]
[Site "Zhang Jiakou Hebei"]
[Date "2025.04.26"]
[Round "2.4"]
[White "Gong, Sunle"]
[Black "Wang, Yanbin"]
[Result "1/2-1/2"]
[Annotator "ChessBase"]
[ECO "D38"]
[WhiteElo "2410"]
[BlackElo "2454"]
[PlyCount "126"]
[EventDate "2025.04.26"]
[EventType "team-tourn"]
[EventCountry "CHN"]
[SourceTitle "playchess.com"]
[Source "ChessBase"]
[SourceQuality "1"]
[TimeControl "5400+30"]

1. d4 d5 2. c4 e6 3. Nc3 Nf6 4. Nf3 Bb4 5. Qa4+ Nc6 6. Bd2 O-O 7. a3 Bxc3 8. Bxc3 Ne4 9. e3 Nxc3 10. bxc3 Qd6 11. c5 Qd8 12. c4 e5 13. cxd5 Qxd5 14. Bc4 Qe4 15. dxe5 Qf5 16. O-O Nxe5 17. Nxe5 Qxe5 18. Rac1 Be6 19. Rfd1 Bxc4 20. Qxc4 Rfd8 21. Rd4 Rxd4 22. exd4 Qe4 23. Kf1 Re8 24. d5 Qe5 25. g3 g6 26. Kg2 Rd8 27. Rd1 Kg7 28. a4 b6 29. c6 a5 30. Rd2 h5 31. f4 Qe3 32. Qc2 h4 33. Qd3 Qxd3 34. Rxd3 hxg3 35. Kxg3 Kf6 36. d6 cxd6 37. c7 Rc8 38. Rxd6+ Ke7 39. Rxb6 Rxc7 40. Rb5 Ra7 41. Kg4 Kf6 42. h4 Ra8 43. Rc5 Ra6 44. Kf3 Ra8 45. h5 gxh5 46. Rxh5 Kg6 47. Rg5+ Kf6 48. Re5 Kg6 49. Ke4 f6 50. Rd5 Re8+ 51. Kf3 Ra8 52. Kg4 Ra7 53. Rb5 Ra6 54. f5+ Kh6 55. Rc5 Rb6 56. Rb5 Rc6 57. Rxa5 Rc4+ 58. Kf3 Kg5 59. Ke3 Rb4 60. Kd3 Rf4 61. Kc3 Rf3+ 62. Kc2 Rf2+ 63. Kd3 Rf4 1/2-1/2

[Event "Chinese Team-ch Men 2025"]
[Site "Zhang Jiakou Hebei"]
[Date "2025.04.26"]
[Round "2.5"]
[White "Xu, Yinglun"]
[Black "Dai, Changren"]
[Result "1/2-1/2"]
[Annotator "RC"]
[ECO "E32"]
[WhiteElo "2522"]
[BlackElo "2527"]
[PlyCount "61"]
[EventDate "2025.04.26"]
[EventType "team-tourn"]
[EventCountry "CHN"]
[SourceTitle "playchess.com"]
[Source "ChessBase"]
[SourceQuality "1"]
[TimeControl "5400+30"]

1. d4 Nf6 2. c4 e6 3. Nc3 Bb4 4. Qc2 O-O 5. e4 d5 6. e5 Ne4 7. Bd3 c5 8. Nge2 cxd4 9. Nxd4 Nd7 10. Bf4 Qh4 11. g3 Qh5 12. O-O g5 13. cxd5 Bxc3 14. bxc3 exd5 15. Be3 Nxe5 16. f3 Nc5 17. Bf5 Ne6 18. g4 Qh6 19. Rae1 Nxd4 20. Bxd4 Nc6 21. Be3 Bxf5 22. Qxf5 Qg6 23. Qxg5 Qxg5 24. Bxg5 f6 25. Be3 Kf7 26. Kf2 Rac8 27. Rb1 b6 28. Rfd1 Ne7 29. Rb3 Rc4 30. Ra3 Rc7 31. Bf4 1/2-1/2

[Event "Chinese Team-ch Men 2025"]
[Site "Zhang Jiakou Hebei"]
[Date "2025.04.26"]
[Round "2.6"]
[White "Wang, Shixu B"]
[Black "Zhao, Chenxi"]
[Result "0-1"]
[Annotator "ChessBase"]
[ECO "E12"]
[WhiteElo "2452"]
[BlackElo "2453"]
[PlyCount "74"]
[EventDate "2025.04.26"]
[EventType "team-tourn"]
[EventCountry "CHN"]
[SourceTitle "playchess.com"]
[Source "ChessBase"]
[SourceQuality "1"]
[TimeControl "5400+30"]

1. d4 e6 2. c4 b6 3. Nc3 Bb7 4. a3 Nf6 5. Nf3 d5 6. Bg5 dxc4 7. e3 a6 8. Bxc4 b5 9. Bd3 c5 10. dxc5 Bxc5 11. Qc2 Nbd7 12. O-O Bxf3 13. gxf3 h6 14. Bxf6 gxf6 15. Rad1 Qb6 16. a4 b4 17. Ne4 Be7 18. a5 Qb7 19. Be2 Ne5 20. f4 Rc8 21. Qb1 Ng6 22. Bf3 Kf8 23. Bh1 Rg8 24. Ng3 Qb5 25. f5 Ne5 26. Qe4 Rg4 27. Qb7 Qxb7 28. Bxb7 Rc2 29. Bxa6 b3 30. Bb7 Rxb2 31. a6 Ra2 32. Rd4 Rxd4 33. exd4 Nc4 34. Ne4 Bb4 35. fxe6 b2 36. Bd5 Ra1 37. a7 Rxf1+ 0-1

[Event "Chinese Team-ch Men 2025"]
[Site "Zhang Jiakou Hebei"]
[Date "2025.04.26"]
[Round "2.7"]
[White "Li, Shilong"]
[Black "Chu, Weichao"]
[Result "0-1"]
[Annotator "ChessBase"]
[ECO "B28"]
[WhiteElo "2406"]
[BlackElo "2406"]
[PlyCount "70"]
[EventDate "2025.04.26"]
[EventType "team-tourn"]
[EventCountry "CHN"]
[SourceTitle "playchess.com"]
[Source "ChessBase"]
[SourceQuality "1"]
[TimeControl "5400+30"]

1. e4 c5 2. Nf3 a6 3. c3 e6 4. d4 d5 5. e5 Bd7 6. a3 Nc6 7. Bd3 Qb6 8. Bc2 Nh6 9. O-O cxd4 10. cxd4 Nf5 11. Bxf5 exf5 12. Nc3 Be6 13. b4 h6 14. Rb1 Be7 15. Be3 O-O 16. Na4 Qc7 17. Rc1 Rfc8 18. Ne1 b6 19. Nd3 Bd8 20. Nf4 Qd7 21. Nh5 Qe8 22. Rc3 Kh8 23. Qc1 Nxd4 24. Bxd4 Qxa4 25. Rxc8 Rxc8 26. Qe3 Rc4 27. g3 Bg5 28. f4 Be7 29. Bxb6 d4 30. Bxd4 Qc6 31. h4 Bc8 32. e6 Bb7 33. Bxg7+ Kh7 34. Kf2 Qg2+ 35. Ke1 Re4 0-1

[Event "Chinese Team-ch Men 2025"]
[Site "Zhang Jiakou Hebei"]
[Date "2025.04.26"]
[Round "2.8"]
[White "Xi, Qi"]
[Black "Wu, Yixing"]
[Result "1/2-1/2"]
[Annotator "ChessBase"]
[ECO "D35"]
[WhiteElo "2257"]
[BlackElo "2406"]
[PlyCount "110"]
[EventDate "2025.04.26"]
[EventType "team-tourn"]
[EventCountry "CHN"]
[SourceTitle "playchess.com"]
[Source "ChessBase"]
[SourceQuality "1"]
[TimeControl "5400+30"]

1. d4 Nf6 2. c4 e6 3. Nf3 d5 4. Nc3 Nbd7 5. cxd5 exd5 6. Bf4 Bb4 7. Qb3 c5 8. dxc5 Qa5 9. a3 Bxc3+ 10. bxc3 Ne4 11. Qb4 Qxc5 12. Be3 Qd6 13. Nd4 a5 14. Qxd6 Nxd6 15. Bf4 Ke7 16. e3 Nc5 17. f3 Ne6 18. Nxe6 Bxe6 19. Rb1 Rhc8 20. Kd2 Rc6 21. Bd3 b6 22. Rb2 Nc4+ 23. Bxc4 dxc4 24. Rhb1 Rd8+ 25. Ke2 f6 26. e4 Rd3 27. Bd2 Rcd6 28. Be1 f5 29. exf5 Bxf5 30. Rxb6 Re6+ 31. Rxe6+ Kxe6 32. Rb8 h5 33. h3 Rd5 34. Bd2 g6 35. Be3 Kd7 36. g4 Bd3+ 37. Kf2 hxg4 38. fxg4 Kc7 39. Rb2 Kc6 40. Rb6+ Kc7 41. Ra6 Kb7 42. Ra7+ Kc6 43. h4 Kb5 44. Kf3 Bc2 45. Kf4 Bd3 46. Bd4 Bc2 47. Ra8 Ka4 48. Bb6 Bd3 49. Ra7 Bc2 50. Bc7 Bd3 51. Ra6 Bc2 52. Ra7 Bd3 53. Ra8 Bc2 54. Ra6 Bd3 55. Ra8 Bc2 1/2-1/2

[Event "Chinese Team-ch Men 2025"]
[Site "Zhang Jiakou Hebei"]
[Date "2025.04.26"]
[Round "2.9"]
[White "Xiu, Deshun"]
[Black "Chen, Qi b"]
[Result "1/2-1/2"]
[Annotator "RC"]
[ECO "B12"]
[WhiteElo "2516"]
[BlackElo "2482"]
[PlyCount "60"]
[EventDate "2025.04.26"]
[EventType "team-tourn"]
[EventCountry "CHN"]
[SourceTitle "playchess.com"]
[Source "ChessBase"]
[SourceQuality "1"]
[TimeControl "5400+30"]

1. e4 c6 2. d4 d5 3. e5 c5 4. Nf3 cxd4 5. Qxd4 Nc6 6. Qf4 g6 7. Nc3 d4 8. Bc4 Bf5 9. Ne2 Bh6 10. Qg3 Bxc2 11. O-O d3 12. Nc3 d2 13. Bxd2 Bxd2 14. Rad1 Bxd1 15. Rxd1 Qa5 16. Rxd2 Rd8 17. Qf4 e6 18. Rxd8+ Qxd8 19. Ne4 Qd1+ 20. Bf1 Nge7 21. Nd6+ Kd7 22. Qxf7 Qd5 23. Bc4 Qd1+ 24. Bf1 Qd5 25. Qf6 Rb8 26. h4 Nxe5 27. Nxe5+ Kxd6 28. Nc4+ Kd7 29. Ne5+ Kd6 30. Nc4+ Kd7 1/2-1/2

[Event "Chinese Team-ch Men 2025"]
[Site "Zhang Jiakou Hebei"]
[Date "2025.04.26"]
[Round "2.10"]
[White "Chen, Hongsen"]
[Black "Peng, Hongchi"]
[Result "0-1"]
[Annotator "ChessBase"]
[ECO "E15"]
[WhiteElo "2402"]
[BlackElo "2419"]
[PlyCount "88"]
[EventDate "2025.04.26"]
[EventType "team-tourn"]
[EventCountry "CHN"]
[SourceTitle "playchess.com"]
[Source "ChessBase"]
[SourceQuality "1"]
[TimeControl "5400+30"]

1. d4 Nf6 2. c4 e6 3. Nf3 b6 4. g3 Ba6 5. b3 d5 6. Bg2 Be7 7. O-O O-O 8. Ne5 c6 9. Bb2 Nfd7 10. Nxd7 Nxd7 11. Nd2 Rc8 12. Re1 Bb4 13. Rc1 dxc4 14. bxc4 Ne5 15. d5 Ng6 16. e4 Bb7 17. a3 Ba5 18. Re3 cxd5 19. exd5 exd5 20. Rd3 Re8 21. Bxd5 Bxd5 22. Rxd5 Bxd2 23. Qxd2 Qe7 24. Qd4 f6 25. Rd7 Qe6 26. f4 Re7 27. Rd6 Qe2 28. Qd5+ Kh8 29. Bd4 Rce8 30. Rf1 Qg4 31. Qf3 Qh3 32. Qg2 Qf5 33. Qd5 Qg4 34. Qf3 Qh3 35. Qg2 Qc8 36. Qd5 Re2 37. Rd7 Ne7 38. Qb5 a6 39. Qh5 Qxd7 40. Bxf6 Ng6 41. Be5 Qd3 42. Rf3 Qb1+ 43. Rf1 Qe4 44. Rf3 Rd8 0-1

[Event "Chinese Team-ch Men 2025"]
[Site "Zhang Jiakou Hebei"]
[Date "2025.04.26"]
[Round "2.11"]
[White "Zhang, Di"]
[Black "Jin, Hongtao"]
[Result "1/2-1/2"]
[Annotator "ChessBase"]
[ECO "C78"]
[WhiteElo "2406"]
[BlackElo "2343"]
[PlyCount "85"]
[EventDate "2025.04.26"]
[EventType "team-tourn"]
[EventCountry "CHN"]
[SourceTitle "playchess.com"]
[Source "ChessBase"]
[SourceQuality "1"]
[TimeControl "5400+30"]

1. e4 e5 2. Nf3 Nc6 3. Bb5 a6 4. Ba4 b5 5. Bb3 Bb7 6. O-O Nf6 7. d4 Nxd4 8. Nxd4 exd4 9. e5 Ne4 10. c3 d3 11. Qxd3 Nc5 12. Qg3 Nxb3 13. axb3 Qe7 14. Na3 Qe6 15. c4 Qg6 16. Bd2 Qxg3 17. hxg3 Bxa3 18. bxa3 bxc4 19. bxc4 Ke7 20. Ba5 Rhc8 21. f3 Bc6 22. g4 Ke6 23. Rae1 Ke7 24. Kf2 Ba4 25. g5 Rab8 26. Rh1 Bc2 27. Re3 c5 28. g4 Rb1 29. Rxb1 Bxb1 30. Rc3 Ba2 31. f4 d6 32. Rc2 Bb3 33. Rc3 Ba2 34. Rc2 Bb3 35. Rb2 Bxc4 36. Rb7+ Ke6 37. Rb6 Rd8 38. Ke3 Kd5 39. Rb7 Kc6 40. Rb6+ Kd5 41. Rb7 Kc6 42. Rb6+ Kd5 43. Rb7 1/2-1/2

[Event "Chinese Team-ch Men 2025"]
[Site "Zhang Jiakou Hebei"]
[Date "2025.04.26"]
[Round "2.12"]
[White "Yang, ZiLong"]
[Black "Zhang, Zhi"]
[Result "0-1"]
[Annotator "ChessBase"]
[ECO "C42"]
[WhiteElo "2337"]
[BlackElo "2167"]
[PlyCount "124"]
[EventDate "2025.04.26"]
[EventType "team-tourn"]
[EventCountry "CHN"]
[SourceTitle "playchess.com"]
[Source "ChessBase"]
[SourceQuality "1"]
[TimeControl "5400+30"]

1. e4 e5 2. Nf3 Nf6 3. Nxe5 d6 4. Nf3 Nxe4 5. d4 d5 6. Bd3 Bd6 7. O-O O-O 8. c4 c6 9. Nc3 Nxc3 10. bxc3 dxc4 11. Bxc4 Bf5 12. Bg5 Qa5 13. Nh4 Be6 14. Bxe6 Qxg5 15. Nf3 Qa5 16. Qb3 Qc7 17. Bc4 Nd7 18. a4 Nb6 19. Bd3 Nd5 20. g3 b6 21. Rfe1 Rfe8 22. Rad1 Rad8 23. Qc2 g6 24. Ng5 Bf8 25. h4 Qc8 26. Nf3 Bg7 27. Bc4 Bf6 28. Ne5 Bxe5 29. Rxe5 Rxe5 30. dxe5 Qe6 31. Qe4 f6 32. Bb3 Rd7 33. f4 Kf8 34. Rd3 fxe5 35. fxe5 Qe7 36. Rf3+ Ke8 37. Kh2 Kd8 38. h5 gxh5 39. Kg2 Kc8 40. Rf5 h4 41. gxh4 Qc5 42. Rf3 Rg7+ 43. Kh3 Qg1 44. Rf8+ Kb7 45. Qf3 Nc7 46. Rf6 Qc5 47. Rf5 Re7 48. Qg3 Nd5 49. Bxd5 Qxd5 50. Kh2 Qd2+ 51. Rf2 Qe1 52. Rf5 Qe2+ 53. Kh3 Qe4 54. Rh5 Qh1+ 55. Kg4 h6 56. Qd3 Qg2+ 57. Kf4 Rg7 58. Rxh6 Qg4+ 59. Ke3 Qh3+ 60. Kd4 c5+ 61. Ke4 Rg4+ 62. Kf5 Rg3+ 0-1